 Dungeon Sprint DCSS version 0.26.1-2-gb8aa6d0cf2 (webtiles) character file.

Game seed: 17057781500755563941

25168 Groucho the Spry (level 12, -12/67 HPs)
             Began as a Spriggan Enchanter on Feb 13, 2021.
             Was the Champion of Dithmenos.
             Mangled by an orc knight (36 damage)
             ... in the Dungeon (Sprint VII: "The Pits") on Feb 14, 2021.
             The game lasted 00:27:15 (9290 turns).

Groucho the Spry (Spriggan Enchanter)               Turns: 9290, Time: 00:27:16

Health: -12/67     AC:  3    Str:  5    XL:     12   Next: 87%
Magic:  24/35      EV: 37    Int: 16    God:    Dithmenos [******]
Gold:   40         SH:  0    Dex: 21    Spells: 35/47 levels left

rFire    . . .     SeeInvis +   c - +2 dagger
rCold    . . .     Faith    .   (shield restricted)
rNeg     + . .     Spirit   .   F - +0 robe {rN+}
rPois    .         Reflect  .   (helmet restricted)
rElec    .         Harm     .   t - +0 cloak
rCorr    .         Rampage  .   (gloves unavailable)
Will     ++...     NoTele   +   (boots unavailable) Stlth ***+++++++
                                (no amulet)
HPRegen  0.21/turn              (no ring)
MPRegen  0.24/turn              (no ring)

@: wreathed by umbra, very quick
A: very small, unfitting armour, see invisible, speed 3
a: Renounce Religion, Shadow Step, Shadow Form


You were in the Dungeon.
You worshipped Dithmenos.
Dithmenos was exalted by your worship.
You visited 1 branch You collected 40 gold pieces.

Inventory:

Hand Weapons
 c - a +2 dagger (weapon)
 s - a +2 rapier of venom
 u - a cursed +4 short sword
 E - a +2 short sword of protection
Missiles
 m - 24 stones (quivered)
Armour
 t - a +0 cloak (worn)
 F - a +0 robe of positive energy (worn)
Jewellery
 n - a +3 ring of evasion
 o - a +3 ring of intelligence
 B - the ring of Poaz {rN+ Will+ MP+9}
   (You found it in the Dungeon)

   [ring of magical power]

   It protects you from negative energy.
   It affects your willpower, your defense against some magical effects.
   It affects your magic capacity (+9).
 C - an uncursed ring of ice
Wands
 A - a wand of iceblast (7)
Scrolls
 i - a scroll of blinking
 j - 4 scrolls of remove curse
 k - 5 scrolls of amnesia
 l - a scroll of summoning
 v - a scroll of fear
 w - 6 scrolls of fog
 y - 3 scrolls of identify
 z - 2 scrolls of enchant armour
Potions
 a - 2 potions of invisibility
 d - 10 potions of curing
 e - 4 potions of heal wounds
 f - 3 potions of haste
 h - 2 potions of berserk rage
 p - 2 potions of brilliance
 q - 4 potions of resistance
 r - a potion of might
 x - 3 potions of mutation
 D - a potion of cancellation


   Skills:
 + Level 10.0 Fighting
 - Level 14.0 Short Blades
 + Level 20.7 Dodging
 - Level 16.7 Stealth
 + Level 18.0 Spellcasting
 - Level 5.0 Conjurations
 + Level 15.0 Hexes
 - Level 5.0 Ice Magic
 + Level 4.4 Invocations


You had 35 spell levels left.
You knew the following spells:

 Your Spells              Type           Power        Failure   Level
a - Corona                Hex            64%          0%          1
b - Ensorcelled Hibernat  Hex/Ice        92%          1%          2
c - Confusing Touch       Hex            58%          1%          3
d - Tukima's Dance        Hex            58%          1%          3
e - Dazzling Flash        Conj/Hex       92%          1%          3

Your spell library contained the following spells:

 Spells                   Type           Power        Failure   Level


Dungeon Overview and Level Annotations

Branches:
Dungeon (1/1)

Altars:
Ashenzari
Cheibriados
Dithmenos
Elyvilon
Fedhas
Gozag
Hepliaklqana
Kikubaaqudgha
Makhleb
Nemelex Xobeh
Okawaru
Qazlal
Ru
Sif Muna
Trog
Uskayaw
Vehumet
Wu Jian
Xom
Yredelemnul
Zin
The Shining One
Beogh
Jiyva
Lugonu


Innate Abilities, Weirdness & Mutations

You are very small and have problems with some larger weapons.
You are too small for most types of armour.
You have supernaturally acute eyesight. (SInv)
You cover ground extremely quickly.


Message History

Unknown command.
Unknown command.
Unknown command.
You feel much better.
Unknown command.
Unknown command.
Casting: Ensorcelled Hibernation (safe; 1% risk of failure)
Confirm with . or Enter, or press ? or * to list all spells.
Your hands begin to glow red.
Something hits your +0 long sword!!
The orc knight completely misses you.
The orc warlord hits you from afar with a +2 bardiche!!
You hit the orc knight but do no damage.
The orc knight appears confused.
Something hits your +0 long sword.
Your +0 long sword falls from the air.
You hit the orc knight.
The orc knight is lightly wounded.
Your shadow hits the orc knight but does no damage.
The orc knight hits you!!!
Ouch! That really hurt!
You die...

######## ############
........ #_________.#
........ #_________.#
#######'
#_______...###########'
##########'##....§.....
#.?..')))'.##§§§§§.#..#
##########)##.§§§§.....
#.....@oo[..')§.§§o.)..
#'#####'#####.§§§§o#..#
#.#..#..#..##..o.......
#.#..'.)#))#####'#####'
#.#..####))##.......##'
#.#..#..#))##.......##.
#.#..#..#[[##.......##.
#.##'#..#'###...<...##.
#)#.......÷##.......##.


You could see an orc warlord (strong) and an orc knight (strong, confused).

Vanquished Creatures
  An orc warlord (D)
  A hydra (D)
  A catoblepas (D)
  4 two-headed ogres (D)
  A boulder beetle (D)
  An anaconda (D)
  An ogre mage (D)
  6 death yaks (D)
  A vampire mage (D)
  A sixfirhy (D)
  A fire crab (D)
  A deep troll (D)
  A swamp dragon (D)
  4 orc knights (D)
  Pikel (D)
  A bog body (D)
  2 deep elf magi (D)
  2 orange demons (D)
  A molten gargoyle (D)
  A cane toad (D)
  A kobold demonologist (D)
  An efreet (D)
  A demonic crawler (D)
  2 red devils (D)
  A guardian mummy (D)
  A troll (D)
  4 blink frogs (D)
  11 redbacks (D)
  A spriggan (D)
  2 tarantellas (D)
  8 yaks (D)
  Menkaure (D)
  Edmund (D)
  An acid dragon (D)
  A floating eye (D)
  A swamp drake (D)
  An ice beast (D)
  A black bear (D)
  A phantom (D)
  A small abomination (D)
  A sky beast (D)
  A wolf (D)
  An ogre (D)
  4 centaurs (D)
  3 lemures (D)
  A big kobold (D)
  A bullfrog (D)
  A gnoll sergeant (D)
  2 scorpions (D)
  3 wights (D)
  An orc wizard (D)
  5 gnolls (D)
  3 adders (D)
  A river rat (D)
  A white imp (D)
  An adder skeleton (D)
  An adder zombie (D)
  2 leopard geckos (D)
  3 jackals (D)
  3 ball python skeletons (D)
  A bat (D)
  A frilled lizard (D)
  A kobold (D)
117 creatures vanquished.

Vanquished Creatures (others)
  4 dancing weapons (D)
4 creatures vanquished.

Grand Total: 121 creatures vanquished

Notes
Turn   | Place    | Note
-------+----------+-------------------------------------------
     0 | D        | Groucho the Spriggan Enchanter began the quest for the Orb.
     0 | D        | Reached XP level 1. HP: 9/9 MP: 5/5
   292 | D        | Found a bloodstained altar of Trog.
   292 | D        | Found a shimmering blue altar of Sif Muna.
   292 | D        | Found a viscous altar of Jiyva.
   292 | D        | Found a hazy altar of Hepliaklqana.
   292 | D        | Found an opulent altar of Gozag.
   293 | D        | Found a glowing golden altar of the Shining One.
   293 | D        | Found a glowing silver altar of Zin.
   293 | D        | Found a basalt altar of Yredelemnul.
   293 | D        | Found a shimmering altar of Xom.
   293 | D        | Found an ornate altar of the Wu Jian Council.
   293 | D        | Found a sacrificial altar of Ru.
   293 | D        | Found a stormy altar of Qazlal.
   293 | D        | Found an iron altar of Okawaru.
   293 | D        | Found a sparkling altar of Nemelex Xobeh.
   293 | D        | Found a burning altar of Makhleb.
   293 | D        | Found a blossoming altar of Fedhas.
   293 | D        | Found a white marble altar of Elyvilon.
   293 | D        | Found a shadowy altar of Dithmenos.
   293 | D        | Found a snail-covered altar of Cheibriados.
   296 | D        | Found a corrupted altar of Lugonu.
   296 | D        | Found a radiant altar of Vehumet.
   296 | D        | Found a roughly hewn altar of Beogh.
   297 | D        | Found an ancient bone altar of Kikubaaqudgha.
   297 | D        | Found a hide-covered altar of Uskayaw.
   297 | D        | Found a broken altar of Ashenzari.
   309 | D        | Became a worshipper of Dithmenos the Shadowed
   349 | D        | Reached skill level 4 in Dodging
   349 | D        | Reached skill level 5 in Stealth
   349 | D        | Reached XP level 2. HP: 13/13 MP: 5/7
   877 | D        | Learned a level 2 spell: Ensorcelled Hibernation
   892 | D        | Noticed a floating eye
   895 | D        | Reached * piety under Dithmenos
   896 | D        | Reached XP level 3. HP: 16/16 MP: 7/9
   896 | D        | Killed a floating eye
   897 | D        | Reached skill level 6 in Dodging
   897 | D        | Reached skill level 5 in Spellcasting
   897 | D        | Reached XP level 4. HP: 21/21 MP: 7/12
  1219 | D        | Noticed a wolf
  1228 | D        | Learned a level 3 spell: Confusing Touch
  1232 | D        | Learned a level 3 spell: Tukima's Dance
  1236 | D        | Learned a level 3 spell: Dazzling Flash
  1255 | D        | Reached ** piety under Dithmenos
  1260 | D        | Killed a wolf
  1261 | D        | Reached skill level 5 in Short Blades
  1261 | D        | Reached skill level 8 in Dodging
  1261 | D        | Reached XP level 5. HP: 11/24 MP: 8/15
  1898 | D        | Noticed a lemure
  1898 | D        | Noticed a lemure
  1899 | D        | Noticed Edmund
  1917 | D        | Killed a lemure
  2363 | D        | Killed Edmund
  2364 | D        | Reached skill level 9 in Dodging
  2364 | D        | Reached skill level 10 in Stealth
  2364 | D        | Reached XP level 6. HP: 28/28 MP: 13/17
  2522 | D        | Reached *** piety under Dithmenos
  2527 | D        | Noticed Pikel
  2530 | D        | Noticed Menkaure
  2534 | D        | Killed Pikel
  2535 | D        | Reached skill level 11 in Dodging
  2535 | D        | Reached XP level 7. HP: 32/32 MP: 7/20
  2576 | D        | Killed Menkaure
  2576 | D        | Reached **** piety under Dithmenos
  3087 | D        | Noticed a red devil
  3089 | D        | Killed a red devil
  3090 | D        | Reached skill level 10 in Spellcasting
  3090 | D        | Reached skill level 10 in Hexes
  3090 | D        | Reached XP level 8. HP: 36/36 MP: 23/23
  3108 | D        | Reached ***** piety under Dithmenos
  3109 | D        | Reached skill level 12 in Dodging
  3472 | D        | Noticed an orange demon
  3473 | D        | Noticed a six-headed hydra
  3476 | D        | Killed a six-headed hydra
  3477 | D        | Reached skill level 10 in Short Blades
  3477 | D        | Reached skill level 13 in Dodging
  3477 | D        | Reached XP level 9. HP: 39/39 MP: 23/25
  3479 | D        | Killed an orange demon
  3981 | D        | Noticed a kobold demonologist
  3988 | D        | Killed a kobold demonologist
  3989 | D        | Reached skill level 15 in Stealth
  4002 | D        | Noticed a two-headed ogre
  4011 | D        | Reached skill level 14 in Dodging
  4014 | D        | Reached ****** piety under Dithmenos
  4036 | D        | Killed a two-headed ogre
  4037 | D        | Reached XP level 10. HP: 28/44 MP: 13/27
  4353 | D        | Reached skill level 15 in Dodging
  4405 | D        | Noticed an anaconda
  4409 | D        | Reached skill level 1 in Fighting
  4410 | D        | Killed an anaconda
  4416 | D        | Reached skill level 16 in Dodging
  4417 | D        | Noticed a deep elf mage
  4418 | D        | Noticed a boulder beetle
  4420 | D        | Killed a boulder beetle
  4423 | D        | Killed a deep elf mage
  4424 | D        | Reached XP level 11. HP: 26/53 MP: 2/30
  4946 | D        | Noticed a two-headed ogre
  4947 | D        | Noticed an ogre mage
  4947 | D        | Noticed a two-headed ogre
  4947 | D        | Noticed a two-headed ogre
  4948 | D        | Killed a two-headed ogre
  4949 | D        | Reached skill level 17 in Dodging
  5045 | D        | Reached skill level 5 in Fighting
  5133 | D        | Reached skill level 15 in Spellcasting
  5246 | D        | Killed an ogre mage
  5259 | D        | Killed a two-headed ogre
  5275 | D        | Killed a two-headed ogre
  5276 | D        | Reached skill level 18 in Dodging
  6184 | D        | Noticed a deep elf mage
  6186 | D        | Noticed a deep troll
  6241 | D        | Killed a deep troll
  6242 | D        | Reached skill level 1 in Conjurations
  6242 | D        | Reached skill level 1 in Ice Magic
  6361 | D        | Killed a deep elf mage
  6530 | D        | Noticed a bog body
  6541 | D        | Killed a bog body
  6568 | D        | Reached skill level 19 in Dodging
  7019 | D        | Got the ring of Poaz {rN+ Will+ MP+9}
  7118 | D        | Reached XP level 12. HP: 64/64 MP: 25/33
  7132 | D        | Noticed a vampire mage
  7194 | D        | Noticed a jiangshi
  7200 | D        | Killed a vampire mage
  8002 | D        | Noticed a catoblepas
  8019 | D        | Killed a catoblepas
  8430 | D        | Noticed a death yak
  8433 | D        | Noticed a death yak
  8433 | D        | Noticed a death yak
  8434 | D        | Noticed a death yak
  8435 | D        | Noticed a death yak
  8435 | D        | Noticed a death yak
  8437 | D        | Killed a death yak
  8441 | D        | Killed a death yak
  8442 | D        | Killed a death yak
  8465 | D        | Killed a death yak
  8466 | D        | Reached skill level 5 in Ice Magic
  8826 | D        | Killed a death yak
  8828 | D        | Killed a death yak
  8829 | D        | Reached skill level 20 in Dodging
  8829 | D        | Reached skill level 5 in Conjurations
  9009 | D        | Reached skill level 1 in Invocations
  9133 | D        | Noticed an orc warlord
  9133 | D        | Noticed an orc warlord
  9239 | D        | Killed an orc warlord
  9283 | D        | Reached skill level 10 in Fighting
  9283 | D        | Reached skill level 15 in Hexes
  9290 | D        | Mangled by an orc knight

Illustrated notes

Levels and vault maps discovered:
D:        pitsprint [storerooms_1, entrance_room_1, metal_vault_4, armoury_2,
          mini_pit_1, grid_room_1, main_hall_1, silver_pit, the_coven_2,
          the_vestibule_1, steel_vault_3, golden_pit, hallway_of_sentries,
          crystal_vault_4, iron_vault_3, final_vault]

Skill      XL: |  1  2  3  4  5  6  7  8  9 10 11 12 |
---------------+-------------------------------------+-----
Spellcasting   | 3 4 5 6 7 9 10 11 12 14 16 18 | 18.0
Hexes          | 4 6 7 8 9 10 11 13 14 15 | 15.0
Short Blades   | 2 3 4 5 6 8 9 10 11 13 14 | 14.0
Dodging        | 4 6 8 9 11 13 14 16 19 20 | 20.7
Stealth        | 5 6 8 9 10 12 14 16 | 16.7
Fighting       | 4 7 10 | 10.0
Conjurations   | 2 5 |  5.0
Ice Magic      | 3 5 |  5.0
Invocations    | 4 |  4.4

Action                   |  1- 3 |  4- 6 |  7- 9 | 10-12 || total
-------------------------+-------+-------+-------+-------++-------
Melee: Dagger            |    31 |    38 |    67 |   264 ||   400
Throw: Stone             |       |       |       |     5 ||     5
 Cast: Ensorcelled Hiber |       |     6 |    22 |    59 ||    87
       Confusing Touch   |       |     5 |     6 |    19 ||    30
       Dazzling Flash    |       |       |       |     7 ||     7
       Tukima's Dance    |       |       |       |    17 ||    17
Invok: Shadow Step       |       |       |     4 |    18 ||    22
  Use: Potion            |     2 |       |     1 |     7 ||    10
 Stab: Sleeping          |     3 |     5 |    18 |    52 ||    78
       Confused          |       |     5 |     5 |    21 ||    31
       Invisible         |       |       |       |     5 ||     5
       Petrified         |       |       |       |     1 ||     1
Armor: Robe              |     5 |       |     2 |     3 ||    10
Dodge: Dodged            |    19 |    20 |    47 |   173 ||   259
